 Dungeon Crawl Stone Soup version 0.29-a0-925-g0a7a3d12f8 (webtiles) character file.

Game seed: 2174855979337908331

83 xian the Sneak (level 4, -2/28 HPs)
             Began as a Tengu Delver on July 28, 2022.
             Succumbed to a kobold's poison
             ... on level 1 of the Dungeon.
             The game lasted 00:06:21 (1932 turns).

xian the Sneak (Tengu Delver)                       Turns: 1932, Time: 00:06:21

Health: -2/28      AC:  7    Str: 14    XL:     4   Next: 44%
Magic:  3/5        EV: 11    Int: 11    God:
Gold:   118        SH:  0    Dex: 15    Spells: 3/3 levels left

rFire   + + .      SeeInvis .   m - +0 spear (venom)
rCold   . . .      Faith    .   (no shield)
rNeg    . . .      Spirit   +   j - +2 ring mail {rPois}
rPois   +          Reflect  .   (helmet restricted)
rElec   .          Harm     .   (no cloak)
rCorr   .          Rampage  .   (no gloves)
Will    .....                   (boots unavailable)
Stlth   +++.......              a - amulet "Rekaijima" {Spirit rF+}
HPRegen 0.09/turn               p - ring of protection from fire
MPRegen 0.09/turn               (no ring)

@: lethally poisoned (-2 -> -14)
A: beak, talons 3
a: no special abilities


You were on level 1 of the Dungeon.
You visited 1 branch of the dungeon, and saw 5 of its levels.

You collected 140 gold pieces.
You spent 22 gold pieces at shops.

Inventory:

Hand Weapons
 m - a +0 spear of venom (weapon)
Armour
 b - a +0 leather armour
 j - a +2 ring mail of poison resistance (worn)
Jewellery
 a - the amulet "Rekaijima" (around neck) {Spirit rF+}
   (You found it on level 2 of the Dungeon)

   [amulet of guardian spirit]

   It causes incoming damage to be divided between your reserves of health and
   magic.
   rF:        It protects you from fire.
 p - a ring of protection from fire (left hand)
Wands
 g - a wand of digging (3)
Scrolls
 c - a scroll of fog
 d - a scroll of magic mapping
 e - a scroll of fear
 i - a scroll of brand weapon
 k - 2 scrolls of teleportation
 l - a scroll of poison {unknown}
 o - a scroll of vulnerability {unknown}
 r - a scroll of enchant armour {unknown}
Potions
 f - a potion of haste
 h - a potion of resistance {unknown}
 n - a potion of invisibility
 q - a potion of lignification {unknown}
 s - a potion of curing {unknown}
 t - a potion of heal wounds {unknown}


   Skills:
 + Level 3.2 Fighting
 + Level 2.5 Long Blades
 + Level 0.7 Polearms
 + Level 1.2 Armour
 + Level 2.6 Dodging
 + Level 6.0 Stealth


You had 3 spell levels left.
You didn't know any spells.
Your spell library contained the following spells:

 Spells                   Type           Power      Damage    Failure   Level
 Apportation              Tloc           0%         N/A       58%         1
 Necrotise                Necr           0%         1d4       58%         1
 Summon Small Mammal      Summ           0%         N/A       58%         1


Dungeon Overview and Level Annotations

Branches:
Dungeon (5/15)
 Temple: D:4-7

Altars:
Nemelex Xobeh

Shops:
D:3 *

Annotations:
D:5 Grinder


Innate Abilities, Weirdness & Mutations

You have a beak for a mouth.
You have claws for feet.


Message History

You kill the endoplasm!
The kobold shouts!
You hit the kobold.
The kobold is poisoned.
You claw the kobold.
You kill the kobold!
Things that are here:
a +0 short sword; 2 stones; a kobold corpse You now have 118 gold pieces (gained 10).
An endoplasm comes into view.
An endoplasm is nearby!
A kobold comes into view. It is wielding a +3 dagger of venom.
The kobold shouts!
The endoplasm quivers.
The kobold moves out of view.
Found a chain mail.
You hit the endoplasm but do no damage.
The endoplasm is poisoned.
The endoplasm freezes you.
You are frozen.
You barely miss the endoplasm. You claw the endoplasm.
The endoplasm is heavily wounded.
The endoplasm misses you.
The kobold hits you with a +3 dagger of venom.
You hit the endoplasm.
You kill the endoplasm!
The kobold hits you with a +3 dagger of venom.
The kobold hits you with a +3 dagger of venom.
The kobold hits you but does no damage. The kobold attacks as you move away!
The kobold hits you but does no damage. The kobold attacks as you move away!
The kobold hits you with a +3 dagger of venom.
You are poisoned.
You feel sick.
You feel sick.
You feel sick. The kobold attacks as you move away!
The kobold hits you with a +3 dagger of venom.
* * * LOW HITPOINT WARNING * * *
You are lethally poisoned!
* * * LOW HITPOINT WARNING * * *
You feel very sick.
You die...

# . .#. #.. #+## #.#
#...# #.###### #.....
#.##...# #......
########.#....###.......
..............K.@.......
########......[.........
#.........#......
#.........##.....
##........# #...#
#.#...##.# #+##
#.#...##.#
#.##.###.###########
#........#


You could see a kobold.

Vanquished Creatures
  4 adders
  2 dart slugs
  2 orcs
  3 ball pythons
  2 endoplasms (D:1)
  A giant cockroach (D:3)
  5 goblins
  2 hobgoblins
  4 jackals (D:3)
  2 kobolds
  3 quokkas
  2 bats
  3 frilled lizards
  5 rats
40 creatures vanquished.

Notes
Turn   | Place    | Note
-------+----------+-------------------------------------------
     0 | D:5      | xian the Tengu Delver began the quest for the Orb.
     0 | D:5      | Reached XP level 1. HP: 14/14 MP: 2/2
     9 | D:5      | Noticed Grinder
     9 | D:5      | Noticed an orc warrior
    27 | D:5      | Noticed an iguana
   179 | D:3      | Reached XP level 2. HP: 12/19 MP: 3/3
   459 | D:3      | Reached XP level 3. HP: 11/23 MP: 4/4
   703 | D:3      | Found Sagon's Assorted Antiques.
   715 | D:3      | Bought a scroll labelled PEDOFF KAOJ for 22 gold pieces
   759 | D:2      | Identified the amulet "Rekaijima" {Spirit rF+}
   945 | D:2      | Found a sparkling altar of Nemelex Xobeh.
  1121 | D:2      | Reached skill level 1 in Armour
  1121 | D:2      | Reached XP level 4. HP: 28/28 MP: 3/5
  1724 | D:1      | Reached skill level 6 in Stealth
  1931 | D:1      | HP: 1/28 [poisoned by a kobold]
  1932 | D:1      | Succumbed to a kobold's poison

Illustrated notes

Levels and vault maps discovered:
D:1:      dpeg_arrival_rooms_c, layout_loops_corners,
          shapermc_ecumenical_altar_hornbeckon
D:2:      minmay_door_path, layout_rooms, basic_altar
D:3:      layout_basic, hangedman_ru_absence, serial_curves, eino_curves_03,
          eino_curves_02, serial_shops, shop
D:4:      layout_basic, dancing_weapons_uskayaw, minmay_temple_entry_junction
D:5:      layout_cave_pools, hangedman_abyss_or_decor_passed,
          minmay_fountain_box, solitary_fountain, hangedman_decor_growths,
          uniq_grinder

Skill      XL: |  1  2  3  4 |
---------------+-------------+-----
Armour         | 1 |  1.2
Stealth        | 6 |  6.0
Fighting       | |  3.2
Long Blades    | |  2.5
Polearms       | |  0.7
Dodging        | |  2.6

Action                   |  1- 3 |  4- 6 || total
-------------------------+-------+-------++-------
Melee: Falchion          |    40 |       ||    40
       Kick              |    10 |    12 ||    22
       Peck              |     7 |     8 ||    15
       Spear             |    31 |    30 ||    61
       Punch             |       |     1 ||     1
  Use: Scroll            |     3 |       ||     3
 Stab: Distracted        |     1 |       ||     1
       Sleeping          |     1 |     6 ||     7
Armor: Leather armour    |     3 |       ||     3
       Ring mail         |    37 |     8 ||    45
Dodge: Dodged            |    31 |     5 ||    36

Table legend: (Time is in decaauts)
 A = Elapsed time spent in this place.
 B = Non-inter-level travel time spent in this place.
 C = Inter-level travel time spent in this place.
 D = Time resting spent in this place.
 E = Time spent auto-exploring this place.
 F = Levels seen in this place.
 G = Mean time per level.
                   A        B        C        D        E       F      G
               +--------+--------+--------+--------+--------+-----+--------+
         Total |   1943 |   1915 |     28 |      0 |   1378 |   5 |  388.6 |
       Dungeon |   1943 |   1915 |     28 |      0 |   1378 |   5 |  388.6 |
               +--------+--------+--------+--------+--------+-----+--------+

Top non-repeatable levels by time:
     D:2: 751 daAuts
     D:3: 655 daAuts
     D:1: 431 daAuts
     D:4: 52 daAuts
     D:5: 52 daAuts
